Mustangs vs Ice Dragons
Created - February 19, 2018 at 19:18
Goals
|
Mustangs |
4 |
2 |
3 |
9 |
Ice Dragons |
1 |
0 |
3 |
4 |
|
Shots
|
Mustangs |
16 |
10 |
21 |
47 |
Ice Dragons |
9 |
4 |
17 |
30 |
|
1st period
1. Mustangs , Jim O'Brien 15 (Andrew Shaw 21) at 8:20
2. Mustangs , Josh Jooris 39 (Mika Zibanejad 41) at 8:30 (PP)
3. Mustangs , Tomas Tatar 22 (Jim O'Brien 26) at 10:39
4. Ice Dragons , Logan MacMillan 8 (Michael Latta 41, Brendon Nash 26) at 14:29
5. Mustangs , Curtis Hamilton 4 (Jerome Samson 10, Andreas Athanasiou 7) at 15:19
Penalties :
Curtis Hamilton (Ham) for Hooking (Minor) at 2:35, Joe Callahan (Kin) for Hooking (Minor) at 8:23, Logan MacMillan (Kin) for High sticking (Minor) at 12:04
2nd period
6. Mustangs , Nikita Alexeev 4 (Rick Schofield 14) at 2:22
7. Mustangs , Mika Zibanejad 19 (Brady Skjei 34) at 3:06 (PP)
Penalties :
Justin Faulk (Kin) for Roughing (Minor) at 2:53, Brady Skjei (Ham) for Interference (Minor) at 3:13, Curtis Glencross (Kin) for High sticking (Minor) at 9:11
3rd period
8. Mustangs , Mika Zibanejad 20 (Josh Jooris 47) at 1:44
9. Ice Dragons , Troy Brouwer 33 (Brendon Nash 27, Ryan Reaves 11) at 2:51
10. Mustangs , Nikita Alexeev 5 (Brady Skjei 35, Rick Schofield 15) at 3:57
11. Mustangs , Rick Schofield 9 (Mark Pysyk 14, Nikita Alexeev 2) at 12:01
12. Ice Dragons , Troy Brouwer 34 (Justin Faulk 29, Michael Latta 42) at 12:07
13. Ice Dragons , Brandon Kozun 16 (Brendon Nash 28, Logan MacMillan 7) at 13:08
Penalties :
Curtis Glencross (Kin) for Fighting (Major) at 0:15, Marcus Foligno (Ham) for Fighting (Major) at 0:15, Justin Faulk (Kin) for Hooking (Minor) at 7:57, Brandon Kozun (Kin) for Roughing (Minor) at 17:30
Goalie Stats
Peter Mannino (Ham), 26 saves from 30 shots - (0.867), W, 21-14-3, 60:00 minutes
Anders Nilsson (Kin), 5 saves from 9 shots - (0.556), 15:19 minutes
Harru Sateri (Kin), 33 saves from 38 shots - (0.868), L, 1-4-0, 44:41 minutes
Players Stats for Mustangs
Player Name G A P +/- PIM S H SB GA TA FO MP PP MP PK MP
------------------------------------------------------------------------------------
Alexei Marchenko 0 0 0 3 0 0 0 0 0 1 0/0 10:51 0:00 0:00
Andreas Athanasiou 0 1 1 0 0 0 1 0 0 0 1/2 8:23 0:00 0:00
Andrew Shaw 0 1 1 2 0 1 3 0 0 0 1/1 16:53 3:13 0:00
Brady Skjei 0 2 2 0 2 4 0 2 0 0 0/0 26:15 3:54 1:03
Cameron Gaunce 0 0 0 0 0 2 0 2 1 0 0/0 21:39 4:08 1:56
Curtis Hamilton 1 0 1 0 2 2 1 0 1 0 0/0 8:22 0:00 0:00
Derek Joslin 0 0 0 0 0 3 0 1 0 0 0/0 28:30 4:08 3:02
Jerome Samson 0 1 1 0 0 4 2 0 0 0 0/0 8:23 0:00 0:00
Jim O'Brien 1 1 2 2 0 1 1 0 0 0 9/12 16:51 3:13 2:08
Josh Jooris 1 1 2 -1 0 6 4 1 2 0 2/2 20:04 5:03 0:00
Joshua Leivo 0 0 0 2 0 1 0 0 1 0 1/1 13:05 0:00 0:13
Marcus Foligno 0 0 0 -2 5 5 3 1 0 0 0/2 19:54 5:03 2:08
Mark Pysyk 0 1 1 0 0 2 0 2 0 2 0/0 20:39 4:08 0:56
Mika Zibanejad 2 1 3 -1 0 4 0 1 1 1 15/35 20:54 5:03 0:29
Nikita Alexeev 2 1 3 2 0 6 4 0 2 0 0/0 12:31 0:00 0:00
Rick Schofield 1 2 3 3 0 3 0 0 1 0 3/7 13:59 0:00 1:21
Scott Mayfield 0 0 0 3 0 1 2 0 0 0 0/0 12:26 0:14 0:59
Tomas Tatar 1 0 1 2 0 2 0 0 2 0 0/0 16:20 3:13 1:37
Players Stats for Ice Dragons
Player Name G A P +/- PIM S H SB GA TA FO MP PP MP PK MP
------------------------------------------------------------------------------------
Adam Larsson 0 0 0 -1 0 0 0 0 0 1 0/0 15:27 0:00 3:13
Brandon Kozun 1 0 1 0 2 3 1 0 0 0 0/0 12:22 0:01 0:00
Brendon Nash 0 3 3 -1 0 0 1 4 0 3 0/0 24:07 1:22 4:42
Chris Wagner 0 0 0 0 0 0 0 0 0 0 0/0 0:20 0:01 0:00
Curtis Glencross 0 0 0 -2 7 4 2 1 0 2 3/8 21:54 1:58 3:46
Joe Callahan 0 0 0 0 2 1 0 2 1 0 0/0 26:15 2:36 4:56
Justin Faulk 0 1 1 0 4 5 1 2 1 1 0/0 24:30 2:36 3:12
Kevin Connauton 0 0 0 -3 0 0 0 2 1 1 0/0 16:33 1:22 0:00
Logan MacMillan 1 1 2 1 2 2 2 1 0 0 2/2 13:00 0:00 0:00
Michael Chaput 0 0 0 0 0 0 1 0 0 0 2/5 12:33 0:00 0:26
Michael Ferland 0 0 0 0 0 0 0 0 0 0 1/1 5:31 0:00 1:51
Michael Latta 0 2 2 -1 0 5 2 2 0 0 15/31 22:11 2:04 2:35
Petr Vrana 0 0 0 -1 0 2 0 0 1 1 0/0 18:12 1:53 1:23
Ryan Reaves 0 1 1 -1 0 0 1 0 0 1 0/0 16:27 1:53 0:00
Sam Carrick 0 0 0 -1 0 0 1 0 0 0 0/0 4:14 0:07 0:00
Samuel Groulx 0 0 0 -1 0 1 0 1 0 0 0/0 13:28 0:00 0:29
Troy Brouwer 2 0 2 -2 0 5 0 1 0 1 0/3 23:45 2:04 4:58
Tyler Haskins 0 0 0 -2 0 2 2 0 0 0 7/12 20:48 1:53 1:33
3 Stars
1 - Nikita Alexeev (Ham)
2 - Rick Schofield (Ham)
3 - Mika Zibanejad (Ham)
Power Play
Mustangs - 2 on 6 Attempt(s) - 33.33%
Ice Dragons - 0 on 2 Attempt(s) - 0.00%
Penalty Kill
Mustangs - 2 on 2 Attempt(s) - 100.00%
- Score 0 goal in Penalty Kill
Ice Dragons - 4 on 6 Attempt(s) - 66.67%
- Score 0 goal in Penalty Kill
Team Stat
Mustangs - Hits : 21 - Faceoff Wins : 32 - Blocked Shots : 10 - Penalty Minutes : 9
Ice Dragons - Hits : 14 - Faceoff Wins : 30 - Blocked Shots : 16 - Penalty Minutes : 17
Official
Referees : StLaurent Francois and Auger Stephane
Linesman : Tim Nowak and Mark Shewchyk
Game Notes
Harru Sateri enters game at 15:19 of 1st period
Curtis Glencross beats up Marcus Foligno at 0:15 of 3rd period
Finance
Level 1 -- Attendance: 1384 (69.20%) -- Ticket Income $55,360
Level 2 -- Attendance: 776 (77.60%) -- Ticket Income $15,520
Total Attendance: 2160 (72.00%)
Total Ticket Income: $70,880
Other Income: $3,544
Total Income: $74,424
Mustangs
5 vs 5 Forward
Center Left Wing Right Wing Time % Phy DF OF
1 Mika Zibanejad Marcus Foligno Josh Jooris 40 1 2 2
2 Jim O'Brien Tomas Tatar Andrew Shaw 30 1 2 2
3 Rick Schofield Joshua Leivo Nikita Alexeev 20 1 2 2
4 Andreas Athanasiou Curtis Hamilton Jerome Samson 10 1 2 2
5 vs 5 Defense
Defense Defense Time % Phy DF OF
1 Derek Joslin Brady Skjei 44 1 2 2
2 Cameron Gaunce Mark Pysyk 33 1 2 2
3 Alexei Marchenko Scott Mayfield 23 1 2 2
4 Derek Joslin Brady Skjei 0 1 2 2
PowerPlay Forward
Center Left Wing Right Wing Time % Phy DF OF
1 Mika Zibanejad Marcus Foligno Josh Jooris 60 1 2 2
2 Jim O'Brien Tomas Tatar Andrew Shaw 40 1 2 2
PowerPlay Defense
Defense Defense Time % Phy DF OF
1 Derek Joslin Brady Skjei 60 1 2 2
2 Cameron Gaunce Mark Pysyk 40 1 2 2
Penalty Kill 4 Players Forward
Center Wing Time % Phy DF OF
1 Jim O'Brien Marcus Foligno 60 1 2 2
2 Rick Schofield Tomas Tatar 40 1 2 2
Penalty Kill 4 Players Defense
Defense Defense Time % Phy DF OF
1 Derek Joslin Brady Skjei 60 1 2 2
2 Cameron Gaunce Mark Pysyk 40 1 2 2
Penalty Kill - 3 Players Forward
Forward Time % Phy DF OF
1 Jim O'Brien 60 1 2 2
2 Rick Schofield 40 1 2 2
Penalty Kill - 3 Players Defense
Defense Defense Time % Phy DF OF
1 Derek Joslin Brady Skjei 60 1 2 2
2 Cameron Gaunce Mark Pysyk 40 1 2 2
4 vs 4 Forward
Center Wing Time % Phy DF OF
1 Mika Zibanejad Marcus Foligno 60 1 2 2
2 Jim O'Brien Tomas Tatar 40 1 2 2
4 vs 4 Defense
Defense Defense Time % Phy DF OF
1 Derek Joslin Brady Skjei 60 1 2 2
2 Cameron Gaunce Mark Pysyk 40 1 2 2
Last Minutes Offensive
Center Left Wing Right Wing Defense Defense
Mika Zibanejad Marcus Foligno Josh Jooris Derek Joslin Brady Skjei
Last Minutes Defensive
Center Left Wing Right Wing Defense Defense
Jim O'Brien Marcus Foligno Josh Jooris Derek Joslin Brady Skjei
Goaltenders
Starting : Peter Mannino
Backup : Chet Pickard
Extra Forwards
Normal : Mika Zibanejad, Andrew Shaw, Rick Schofield - PP : Mika Zibanejad, Jim O'Brien - PK : Marcus Foligno
Extra Defensemen
Normal : Brady Skjei, Mark Pysyk, Cameron Gaunce - PP : Brady Skjei - PK : Derek Joslin, Cameron Gaunce
Penalty Shots
Andreas Athanasiou, Mika Zibanejad, Andrew Shaw, Marcus Foligno, Josh Jooris
Scratches
Roman Horak (Healthy), Dominik Uher (Healthy), Joe Finley (Healthy), Eric Knodel (Healthy), Matthew Finn (Healthy)
Danny Biega (Healthy), Raphael Bussieres (Healthy), Sam Kurker (Healthy), Max Gortz (Healthy), Denis Bodrov (Healthy)
Riley Nash (Healthy), Francis Paré (Healthy), Justin Peters (Healthy), Joacim Eriksson (Healthy)
Ice Dragons
5 vs 5 Forward
Center Left Wing Right Wing Time % Phy DF OF
1 Michael Latta Curtis Glencross Troy Brouwer 40 2 1 2
2 Tyler Haskins Petr Vrana Ryan Reaves 30 2 1 2
3 Michael Chaput Logan MacMillan Brandon Kozun 20 2 1 2
4 Tyler Haskins Michael Ferland Curtis Glencross 10 2 2 1
5 vs 5 Defense
Defense Defense Time % Phy DF OF
1 Justin Faulk Joe Callahan 40 2 1 2
2 Brendon Nash Kevin Connauton 30 2 1 2
3 Samuel Groulx Adam Larsson 20 2 1 2
4 Samuel Groulx Brendon Nash 10 2 1 2
PowerPlay Forward
Center Left Wing Right Wing Time % Phy DF OF
1 Michael Latta Curtis Glencross Troy Brouwer 60 2 0 3
2 Tyler Haskins Petr Vrana Ryan Reaves 40 2 0 3
PowerPlay Defense
Defense Defense Time % Phy DF OF
1 Justin Faulk Joe Callahan 60 2 1 2
2 Brendon Nash Kevin Connauton 40 2 1 2
Penalty Kill 4 Players Forward
Center Wing Time % Phy DF OF
1 Curtis Glencross Troy Brouwer 60 2 3 0
2 Michael Latta Tyler Haskins 40 2 3 0
Penalty Kill 4 Players Defense
Defense Defense Time % Phy DF OF
1 Justin Faulk Joe Callahan 60 2 3 0
2 Brendon Nash Adam Larsson 40 2 3 0
Penalty Kill - 3 Players Forward
Forward Time % Phy DF OF
1 Curtis Glencross 60 1 4 0
2 Troy Brouwer 40 1 4 0
Penalty Kill - 3 Players Defense
Defense Defense Time % Phy DF OF
1 Justin Faulk Joe Callahan 60 1 4 0
2 Samuel Groulx Adam Larsson 40 1 4 0
4 vs 4 Forward
Center Wing Time % Phy DF OF
1 Curtis Glencross Troy Brouwer 60 2 0 2
2 Michael Latta Tyler Haskins 40 2 1 2
4 vs 4 Defense
Defense Defense Time % Phy DF OF
1 Justin Faulk Joe Callahan 60 2 1 2
2 Brendon Nash Kevin Connauton 40 2 1 2
Last Minutes Offensive
Center Left Wing Right Wing Defense Defense
Michael Latta Curtis Glencross Troy Brouwer Justin Faulk Joe Callahan
Last Minutes Defensive
Center Left Wing Right Wing Defense Defense
Michael Latta Curtis Glencross Troy Brouwer Justin Faulk Joe Callahan
Goaltenders
Starting : Anders Nilsson
Backup : Harru Sateri
Extra Forwards
Normal : Sam Carrick, Logan MacMillan, Chris Wagner - PP : Sam Carrick, Brandon Kozun - PK : Michael Ferland
Extra Defensemen
Normal : Justin Faulk, Adam Larsson, Brendon Nash - PP : Brendon Nash - PK : Brendon Nash, Samuel Groulx
Penalty Shots
Curtis Glencross, Troy Brouwer, Michael Latta, Tyler Haskins, Petr Vrana
Scratches
Theodor Blueger (Healthy), Justin Shugg (Healthy), Tomas Kudelka (Broken Right Foot Toe Injury), Christian Djoos (Healthy), Michael Stone (Torn Left Knee Ligaments Injury)
Oscar Dansk (Healthy)
% Time on Ice - Mustangs
Lines # - Real PCT - Wanted PCT - Time Play
Normal Forward
1 - 32% - 40% - 15:22
2 - 24% - 30% - 11:30
3 - 26% - 20% - 12:31
4 - 18% - 10% - 8:23
Normal Defense
1 - 44% - 44% - 21:06
2 - 33% - 33% - 15:35
3 - 23% - 23% - 11:05
4 - 0% - 0% - 0:00
PP Forward
1 - 61% - 60% - 5:03
2 - 39% - 40% - 3:13
PP Defense
1 - 50% - 60% - 4:08
2 - 50% - 40% - 4:08
PK Forward
1 - 66% - 60% - 2:37
2 - 34% - 40% - 1:21
PK Defense
1 - 76% - 60% - 3:02
2 - 24% - 40% - 0:56
PK3 Forward
1 - 0% - 60%
2 - 0% - 40%
PK3 Defense
1 - 0% - 60%
2 - 0% - 40%
44 Forward
1 - 0% - 60%
2 - 0% - 40%
44 Defense
1 - 0% - 60%
2 - 0% - 40%
Last Minute Offensive - 0:00
Last Minute Defensive - 0:00
Total
Forward - 60:00
Defense - 60:00
|
% Time on Ice - Ice Dragons
Lines # - Real PCT - Wanted PCT - Time Play
Normal Forward
1 - 37% - 40% - 17:50
2 - 31% - 30% - 14:57
3 - 25% - 20% - 12:07
4 - 6% - 10% - 2:52
Normal Defense
1 - 39% - 40% - 18:44
2 - 32% - 30% - 15:16
3 - 22% - 20% - 10:29
4 - 7% - 10% - 3:17
PP Forward
1 - 53% - 60% - 2:05
2 - 47% - 40% - 1:53
PP Defense
1 - 66% - 60% - 2:36
2 - 34% - 40% - 1:22
PK Forward
1 - 81% - 60% - 6:43
2 - 19% - 40% - 1:33
PK Defense
1 - 65% - 60% - 5:24
2 - 35% - 40% - 2:52
PK3 Forward
1 - 0% - 60%
2 - 0% - 40%
PK3 Defense
1 - 0% - 60%
2 - 0% - 40%
44 Forward
1 - 0% - 60%
2 - 0% - 40%
44 Defense
1 - 0% - 60%
2 - 0% - 40%
Last Minute Offensive - 0:00
Last Minute Defensive - 0:00
Total
Forward - 60:00
Defense - 60:00
|
Play by Play
1st period
0:01 of 1st period - Mika Zibanejad wins face-off versus Troy Brouwer in neutral zone.
1:04 of 1st period - Mark Pysyk is hit by Curtis Glencross and loses puck.
1:23 of 1st period - Kevin Connauton is hit by Josh Jooris and loses puck.
2:35 of 1st period - Minor Penalty to Curtis Hamilton for Hooking.
2:36 of 1st period - Jim O'Brien wins face-off versus Michael Latta in Mustangs zone.
4:35 of 1st period - Penalty to Curtis Hamilton is over, Curtis Hamilton is back on ice.
5:21 of 1st period - Alexei Marchenko is hit by Logan MacMillan and loses puck.
5:32 of 1st period - Tomas Tatar is hit by Curtis Glencross and loses puck.
6:01 of 1st period - Slapshot by Jerome Samson.
6:01 of 1st period - Stopped by Anders Nilsson with a rebound.
6:04 of 1st period - Icing by Michael Latta.
6:05 of 1st period - Michael Latta wins face-off versus Rick Schofield in Ice Dragons zone.
6:31 of 1st period - Off-side.
6:32 of 1st period - Michael Chaput wins face-off versus Rick Schofield in neutral zone.
6:35 of 1st period - Rick Schofield is hit by Michael Chaput and loses puck.
6:55 of 1st period - Wrist shot by Tyler Haskins.
6:55 of 1st period - Stopped by Peter Mannino with a rebound.
6:57 of 1st period - Slapshot by Samuel Groulx.
6:57 of 1st period - Shot Blocked by Brady Skjei.
7:05 of 1st period - Snap shot by Petr Vrana.
7:05 of 1st period - Shot Misses the Net.
7:15 of 1st period - Curtis Glencross is hit by Andrew Shaw and loses puck.
7:40 of 1st period - Snap shot by Marcus Foligno.
7:40 of 1st period - Shot Blocked by Logan MacMillan.
7:42 of 1st period - Snap shot by Josh Jooris.
7:42 of 1st period - Stopped by Anders Nilsson with a rebound.
7:44 of 1st period - Slapshot by Marcus Foligno.
7:44 of 1st period - Stopped by Anders Nilsson with a rebound.
8:16 of 1st period - Snap shot by Tomas Tatar.
8:16 of 1st period - Deflect By Jim O'Brien.
8:16 of 1st period - Shot Blocked by Brendon Nash.
8:16 of 1st period - Puck is out of play.
8:17 of 1st period - Andrew Shaw wins face-off versus Michael Latta in Ice Dragons zone.
8:20 of 1st period - Slapshot by Jim O'Brien.
8:20 of 1st period - Goal by Jim O'Brien - Mustangs : 1 - Ice Dragons : 0.
8:21 of 1st period - Michael Latta wins face-off versus Mika Zibanejad in neutral zone.
8:23 of 1st period - Minor Penalty to Joe Callahan for Hooking.
8:24 of 1st period - Mika Zibanejad wins face-off versus Curtis Glencross in Ice Dragons zone.
8:26 of 1st period - Snap shot by Mika Zibanejad.
8:26 of 1st period - Shot Blocked by Justin Faulk.
8:28 of 1st period - Wrist shot by Marcus Foligno.
8:28 of 1st period - Stopped by Anders Nilsson without a rebound.
8:29 of 1st period - Mika Zibanejad wins face-off versus Curtis Glencross in Ice Dragons zone.
8:30 of 1st period - Snap shot by Josh Jooris.
8:30 of 1st period - Goal by Josh Jooris - Mustangs : 2 - Ice Dragons : 0.
8:31 of 1st period - Michael Latta wins face-off versus Mika Zibanejad in neutral zone.
8:40 of 1st period - Wrist shot by Troy Brouwer.
8:40 of 1st period - Shot Misses the Net.
8:42 of 1st period - Snap shot by Curtis Glencross.
8:42 of 1st period - Stopped by Peter Mannino with a rebound.
8:46 of 1st period - Snap shot by Michael Latta.
8:46 of 1st period - Shot Misses the Net.
8:56 of 1st period - Snap shot by Brandon Kozun.
8:56 of 1st period - Deflect By Logan MacMillan.
8:56 of 1st period - Stopped by Peter Mannino with a rebound.
9:26 of 1st period - Slapshot by Brendon Nash.
9:26 of 1st period - Shot Misses the Net.
9:44 of 1st period - Wrist shot by Rick Schofield.
9:44 of 1st period - Deflect By Nikita Alexeev.
9:44 of 1st period - Shot Blocked by Curtis Glencross.
9:44 of 1st period - Puck is out of play.
9:45 of 1st period - Michael Latta wins face-off versus Jim O'Brien in Ice Dragons zone.
9:51 of 1st period - Off-side.
9:52 of 1st period - Jim O'Brien wins face-off versus Michael Latta in neutral zone.
10:08 of 1st period - Off-side.
10:09 of 1st period - Tyler Haskins wins face-off versus Mika Zibanejad in neutral zone.
10:39 of 1st period - Wrist shot by Tomas Tatar.
10:39 of 1st period - Goal by Tomas Tatar - Mustangs : 3 - Ice Dragons : 0.
10:40 of 1st period - Michael Latta wins face-off versus Mika Zibanejad in neutral zone.
10:43 of 1st period - Wrist shot by Troy Brouwer.
10:43 of 1st period - Deflect By Curtis Glencross.
10:43 of 1st period - Stopped by Peter Mannino with a rebound.
10:45 of 1st period - Snap shot by Kevin Connauton.
10:45 of 1st period - Shot Blocked by Josh Jooris.
10:47 of 1st period - Slapshot by Curtis Glencross.
10:47 of 1st period - Stopped by Peter Mannino with a rebound.
10:49 of 1st period - Wrist shot by Troy Brouwer.
10:49 of 1st period - Shot Blocked by Mark Pysyk.
10:51 of 1st period - Snap shot by Curtis Glencross.
10:51 of 1st period - Shot Misses the Net.
10:53 of 1st period - Wrist shot by Curtis Glencross.
10:53 of 1st period - Shot Blocked by Marcus Foligno.
10:55 of 1st period - Wrist shot by Michael Latta.
10:55 of 1st period - Stopped by Peter Mannino with a rebound.
11:31 of 1st period - Off-side.
11:32 of 1st period - Logan MacMillan wins face-off versus Andreas Athanasiou in neutral zone.
12:04 of 1st period - Minor Penalty to Logan MacMillan for High sticking.
12:05 of 1st period - Curtis Glencross wins face-off versus Marcus Foligno in Ice Dragons zone.
12:09 of 1st period - Snap shot by Justin Faulk.
12:09 of 1st period - Shot Blocked by Derek Joslin.
13:07 of 1st period - Brendon Nash is hit by Josh Jooris and loses puck.
13:24 of 1st period - Slapshot by Mika Zibanejad.
13:24 of 1st period - Stopped by Anders Nilsson with a rebound.
14:04 of 1st period - Penalty to Logan MacMillan is over, Logan MacMillan is back on ice.
14:12 of 1st period - Wrist shot by Marcus Foligno.
14:12 of 1st period - Shot Blocked by Michael Latta.
14:18 of 1st period - Josh Jooris is hit by Michael Latta and loses puck.
14:27 of 1st period - Wrist shot by Michael Latta.
14:27 of 1st period - Shot Hit the Post.
14:29 of 1st period - Wrist shot by Logan MacMillan.
14:29 of 1st period - Goal by Logan MacMillan - Mustangs : 3 - Ice Dragons : 1.
14:30 of 1st period - Jim O'Brien wins face-off versus Tyler Haskins in neutral zone.
14:45 of 1st period - Slapshot by Tomas Tatar.
14:45 of 1st period - Shot Misses the Net.
15:19 of 1st period - Snap shot by Curtis Hamilton.
15:19 of 1st period - Goal by Curtis Hamilton - Mustangs : 4 - Ice Dragons : 1.
15:19 of 1st period - Harru Sateri enters game.
15:20 of 1st period - Jim O'Brien wins face-off versus Michael Latta in neutral zone.
16:16 of 1st period - Cameron Gaunce is hit by Ryan Reaves.
16:33 of 1st period - Icing by Tomas Tatar.
16:34 of 1st period - Jim O'Brien wins face-off versus Michael Latta in Mustangs zone.
16:49 of 1st period - Slapshot by Michael Latta.
16:49 of 1st period - Stopped by Peter Mannino with a rebound.
17:07 of 1st period - Wrist shot by Mika Zibanejad.
17:07 of 1st period - Shot Blocked by Kevin Connauton.
17:11 of 1st period - Wrist shot by Marcus Foligno.
17:11 of 1st period - Stopped by Harru Sateri without a rebound.
17:12 of 1st period - Rick Schofield wins face-off versus Troy Brouwer in Ice Dragons zone.
17:13 of 1st period - Snap shot by Nikita Alexeev.
17:13 of 1st period - Stopped by Harru Sateri with a rebound.
17:15 of 1st period - Snap shot by Derek Joslin.
17:15 of 1st period - Shot Blocked by Michael Latta.
17:17 of 1st period - Slapshot by Brady Skjei.
17:17 of 1st period - Stopped by Harru Sateri with a rebound.
17:19 of 1st period - Snap shot by Rick Schofield.
17:19 of 1st period - Stopped by Harru Sateri without a rebound.
17:20 of 1st period - Joshua Leivo wins face-off versus Michael Latta in Ice Dragons zone.
17:21 of 1st period - Wrist shot by Nikita Alexeev.
17:21 of 1st period - Shot Misses the Net.
17:23 of 1st period - Slapshot by Derek Joslin.
17:23 of 1st period - Deflect By Rick Schofield.
17:23 of 1st period - Shot Misses the Net.
17:23 of 1st period - Puck is out of play.
17:24 of 1st period - Michael Latta wins face-off versus Mika Zibanejad in Ice Dragons zone.
17:31 of 1st period - Wrist shot by Marcus Foligno.
17:31 of 1st period - Stopped by Harru Sateri with a rebound.
17:33 of 1st period - Slapshot by Marcus Foligno.
17:33 of 1st period - Stopped by Harru Sateri with a rebound.
17:37 of 1st period - Wrist shot by Josh Jooris.
17:37 of 1st period - Stopped by Harru Sateri with a rebound.
17:49 of 1st period - Tomas Tatar is hit by Brendon Nash and loses puck.
17:56 of 1st period - Slapshot by Tyler Haskins.
17:56 of 1st period - Stopped by Peter Mannino without a rebound.
17:57 of 1st period - Tyler Haskins wins face-off versus Mika Zibanejad in Mustangs zone.
18:30 of 1st period - Slapshot by Michael Latta.
18:30 of 1st period - Shot Misses the Net.
18:32 of 1st period - Wrist shot by Curtis Glencross.
18:32 of 1st period - Shot Misses the Net.
18:34 of 1st period - Wrist shot by Michael Latta.
18:34 of 1st period - Shot Misses the Net.
18:36 of 1st period - Snap shot by Michael Latta.
18:36 of 1st period - Shot Misses the Net.
Goals for this period are 4 for Mustangs vs 1 for Ice Dragons.
Shots for this period are 16 for Mustangs vs 9 for Ice Dragons.
2nd period
0:01 of 2nd period - Michael Latta wins face-off versus Mika Zibanejad in neutral zone.
0:35 of 2nd period - Slapshot by Justin Faulk.
0:35 of 2nd period - Stopped by Peter Mannino with a rebound.
0:47 of 2nd period - Slapshot by Derek Joslin.
0:47 of 2nd period - Stopped by Harru Sateri with a rebound.
0:49 of 2nd period - Slapshot by Derek Joslin.
0:49 of 2nd period - Shot Blocked by Justin Faulk.
0:51 of 2nd period - Snap shot by Joshua Leivo.
0:51 of 2nd period - Stopped by Harru Sateri without a rebound.
0:52 of 2nd period - Rick Schofield wins face-off versus Troy Brouwer in Ice Dragons zone.
0:55 of 2nd period - Snap shot by Rick Schofield.
0:55 of 2nd period - Shot Blocked by Brendon Nash.
1:03 of 2nd period - Snap shot by Rick Schofield.
1:03 of 2nd period - Shot Misses the Net.
1:13 of 2nd period - Wrist shot by Joshua Leivo.
1:13 of 2nd period - Shot Misses the Net.
1:15 of 2nd period - Snap shot by Rick Schofield.
1:15 of 2nd period - Shot Misses the Net.
1:20 of 2nd period - Snap shot by Rick Schofield.
1:20 of 2nd period - Shot Misses the Net.
2:22 of 2nd period - Wrist shot by Nikita Alexeev.
2:22 of 2nd period - Goal by Nikita Alexeev - Mustangs : 5 - Ice Dragons : 1.
2:23 of 2nd period - Tyler Haskins wins face-off versus Mika Zibanejad in neutral zone.
2:36 of 2nd period - Slapshot by Justin Faulk.
2:36 of 2nd period - Stopped by Peter Mannino without a rebound.
2:37 of 2nd period - Tyler Haskins wins face-off versus Mika Zibanejad in Mustangs zone.
2:48 of 2nd period - Snap shot by Josh Jooris.
2:48 of 2nd period - Stopped by Harru Sateri without a rebound.
2:49 of 2nd period - Josh Jooris wins face-off versus Tyler Haskins in Ice Dragons zone.
2:53 of 2nd period - Minor Penalty to Justin Faulk for Roughing.
2:54 of 2nd period - Curtis Glencross wins face-off versus Mika Zibanejad in Ice Dragons zone.
3:06 of 2nd period - Snap shot by Mika Zibanejad.
3:06 of 2nd period - Goal by Mika Zibanejad - Mustangs : 6 - Ice Dragons : 1.
3:07 of 2nd period - Tyler Haskins wins face-off versus Mika Zibanejad in neutral zone.
3:13 of 2nd period - Minor Penalty to Brady Skjei for Interference.
3:14 of 2nd period - Michael Latta wins face-off versus Jim O'Brien in Mustangs zone.
3:16 of 2nd period - Backhand shot by Troy Brouwer.
3:16 of 2nd period - Shot Misses the Net.
3:48 of 2nd period - Slapshot by Justin Faulk.
3:48 of 2nd period - Deflect By Tomas Tatar.
3:48 of 2nd period - Stopped by Peter Mannino without a rebound.
3:49 of 2nd period - Michael Latta wins face-off versus Rick Schofield in Mustangs zone.
3:54 of 2nd period - Snap shot by Troy Brouwer.
3:54 of 2nd period - Shot Blocked by Cameron Gaunce.
4:26 of 2nd period - Marcus Foligno is hit by Tyler Haskins and loses puck.
4:39 of 2nd period - Joe Callahan is hit by Scott Mayfield and loses puck.
4:52 of 2nd period - Tomas Tatar is hit by Tyler Haskins and loses puck.
5:13 of 2nd period - Penalty to Brady Skjei is over, Brady Skjei is back on ice.
5:21 of 2nd period - Wrist shot by Brady Skjei.
5:21 of 2nd period - Stopped by Harru Sateri with a rebound.
5:51 of 2nd period - Slapshot by Derek Joslin.
5:51 of 2nd period - Stopped by Harru Sateri with a rebound.
6:12 of 2nd period - Off-side.
6:13 of 2nd period - Andreas Athanasiou wins face-off versus Michael Chaput in neutral zone.
6:16 of 2nd period - Kevin Connauton is hit by Andreas Athanasiou and loses puck.
6:51 of 2nd period - Snap shot by Josh Jooris.
6:51 of 2nd period - Shot Blocked by Samuel Groulx.
7:07 of 2nd period - Slapshot by Justin Faulk.
7:07 of 2nd period - Stopped by Peter Mannino with a rebound.
7:48 of 2nd period - Brandon Kozun is hit by Jerome Samson and loses puck.
8:56 of 2nd period - Icing by Adam Larsson.
8:57 of 2nd period - Jim O'Brien wins face-off versus Michael Chaput in Ice Dragons zone.
9:02 of 2nd period - Wrist shot by Tomas Tatar.
9:02 of 2nd period - Shot Misses the Net.
9:04 of 2nd period - Slapshot by Scott Mayfield.
9:04 of 2nd period - Deflect By Andrew Shaw.
9:04 of 2nd period - Shot Misses the Net.
9:04 of 2nd period - Puck is out of play.
9:05 of 2nd period - Mika Zibanejad wins face-off versus Michael Latta in Ice Dragons zone.
9:11 of 2nd period - Minor Penalty to Curtis Glencross for High sticking.
9:12 of 2nd period - Michael Ferland wins face-off versus Mika Zibanejad in Ice Dragons zone.
10:21 of 2nd period - Slapshot by Joe Callahan.
10:21 of 2nd period - Shot Blocked by Mark Pysyk.
10:38 of 2nd period - Icing by Marcus Foligno.
10:39 of 2nd period - Mika Zibanejad wins face-off versus Michael Latta in Mustangs zone.
11:11 of 2nd period - Penalty to Curtis Glencross is over, Curtis Glencross is back on ice.
11:18 of 2nd period - Wrist shot by Nikita Alexeev.
11:18 of 2nd period - Stopped by Harru Sateri with a rebound.
11:28 of 2nd period - Wrist shot by Rick Schofield.
11:28 of 2nd period - Shot Misses the Net.
11:38 of 2nd period - Slapshot by Mark Pysyk.
11:38 of 2nd period - Shot Blocked by Brendon Nash.
11:40 of 2nd period - Snap shot by Jerome Samson.
11:40 of 2nd period - Stopped by Harru Sateri with a rebound.
11:42 of 2nd period - Slapshot by Cameron Gaunce.
11:42 of 2nd period - Shot Misses the Net.
11:44 of 2nd period - Snap shot by Andreas Athanasiou.
11:44 of 2nd period - Shot Misses the Net.
11:46 of 2nd period - Wrist shot by Mark Pysyk.
11:46 of 2nd period - Deflect By Brandon Kozun.
11:46 of 2nd period - Stopped by Harru Sateri with a rebound.
11:48 of 2nd period - Snap shot by Cameron Gaunce.
11:48 of 2nd period - Shot Blocked by Brendon Nash.
12:02 of 2nd period - Ryan Reaves is hit by Nikita Alexeev and loses puck.
14:19 of 2nd period - Slapshot by Cameron Gaunce.
14:19 of 2nd period - Shot Misses the Net.
15:39 of 2nd period - Logan MacMillan is hit by Curtis Hamilton.
16:20 of 2nd period - Ryan Reaves is hit by Andrew Shaw and loses puck.
16:42 of 2nd period - Justin Faulk is hit by Nikita Alexeev and loses puck.
17:04 of 2nd period - Logan MacMillan is hit by Josh Jooris and loses puck.
17:25 of 2nd period - Logan MacMillan is hit by Jerome Samson and loses puck.
17:46 of 2nd period - Michael Latta is hit by Marcus Foligno and loses puck.
18:18 of 2nd period - Snap shot by Tomas Tatar.
18:18 of 2nd period - Shot Blocked by Joe Callahan.
18:53 of 2nd period - Tyler Haskins is hit by Marcus Foligno.
19:00 of 2nd period - Ryan Reaves is hit by Scott Mayfield and loses puck.
19:11 of 2nd period - Tyler Haskins is hit by Andrew Shaw and loses puck.
Goals for this period are 2 for Mustangs vs 0 for Ice Dragons.
Shots for this period are 10 for Mustangs vs 4 for Ice Dragons.
3rd period
0:01 of 3rd period - Mika Zibanejad wins face-off versus Michael Latta in neutral zone.
0:12 of 3rd period - Snap shot by Michael Latta.
0:12 of 3rd period - Stopped by Peter Mannino with a rebound.
0:14 of 3rd period - Backhand shot by Troy Brouwer.
0:14 of 3rd period - Shot Blocked by Brady Skjei.
0:15 of 3rd period - Curtis Glencross beats up Marcus Foligno.
0:15 of 3rd period - Penalty to Curtis Glencross for Fighting.
0:15 of 3rd period - Penalty to Marcus Foligno for Fighting.
0:16 of 3rd period - Michael Latta wins face-off versus Mika Zibanejad in Mustangs zone.
1:44 of 3rd period - Wrist shot by Mika Zibanejad.
1:44 of 3rd period - Goal by Mika Zibanejad - Mustangs : 7 - Ice Dragons : 1.
1:45 of 3rd period - Mika Zibanejad wins face-off versus Michael Latta in neutral zone.
1:54 of 3rd period - Wrist shot by Josh Jooris.
1:54 of 3rd period - Shot Misses the Net.
1:56 of 3rd period - Wrist shot by Andrew Shaw.
1:56 of 3rd period - Shot Blocked by Troy Brouwer.
2:10 of 3rd period - Tyler Haskins is hit by Nikita Alexeev and loses puck.
2:15 of 3rd period - Snap shot by Rick Schofield.
2:15 of 3rd period - Stopped by Harru Sateri without a rebound.
2:16 of 3rd period - Mika Zibanejad wins face-off versus Tyler Haskins in Ice Dragons zone.
2:21 of 3rd period - Wrist shot by Josh Jooris.
2:21 of 3rd period - Shot Misses the Net.
2:23 of 3rd period - Slapshot by Scott Mayfield.
2:23 of 3rd period - Stopped by Harru Sateri without a rebound.
2:24 of 3rd period - Mika Zibanejad wins face-off versus Tyler Haskins in Ice Dragons zone.
2:27 of 3rd period - Wrist shot by Brady Skjei.
2:27 of 3rd period - Shot Misses the Net.
2:29 of 3rd period - Snap shot by Derek Joslin.
2:29 of 3rd period - Shot Misses the Net.
2:51 of 3rd period - Wrist shot by Troy Brouwer.
2:51 of 3rd period - Goal by Troy Brouwer - Mustangs : 7 - Ice Dragons : 2.
2:52 of 3rd period - Michael Latta wins face-off versus Mika Zibanejad in neutral zone.
3:09 of 3rd period - Justin Faulk is hit by Josh Jooris and loses puck.
3:37 of 3rd period - Icing by Brady Skjei.
3:38 of 3rd period - Rick Schofield wins face-off versus Michael Latta in Mustangs zone.
3:55 of 3rd period - Snap shot by Nikita Alexeev.
3:55 of 3rd period - Shot Misses the Net.
3:57 of 3rd period - Snap shot by Nikita Alexeev.
3:57 of 3rd period - Goal by Nikita Alexeev - Mustangs : 8 - Ice Dragons : 2.
3:58 of 3rd period - Michael Latta wins face-off versus Mika Zibanejad in neutral zone.
4:03 of 3rd period - Wrist shot by Troy Brouwer.
4:03 of 3rd period - Shot Misses the Net.
4:05 of 3rd period - Slapshot by Joe Callahan.
4:05 of 3rd period - Stopped by Peter Mannino with a rebound.
4:07 of 3rd period - Wrist shot by Troy Brouwer.
4:07 of 3rd period - Stopped by Peter Mannino without a rebound.
4:08 of 3rd period - Mika Zibanejad wins face-off versus Michael Latta in Mustangs zone.
4:08 of 3rd period - Mika Zibanejad is hit by Sam Carrick.
4:14 of 3rd period - Snap shot by Michael Latta.
4:14 of 3rd period - Stopped by Peter Mannino with a rebound.
4:16 of 3rd period - Snap shot by Michael Latta.
4:16 of 3rd period - Shot Misses the Net.
4:18 of 3rd period - Snap shot by Sam Carrick.
4:18 of 3rd period - Shot Blocked by Cameron Gaunce.
4:22 of 3rd period - Wrist shot by Troy Brouwer.
4:22 of 3rd period - Stopped by Peter Mannino without a rebound.
4:23 of 3rd period - Tyler Haskins wins face-off versus Mika Zibanejad in Mustangs zone.
4:26 of 3rd period - Slapshot by Justin Faulk.
4:26 of 3rd period - Shot Misses the Net.
4:53 of 3rd period - Snap shot by Nikita Alexeev.
4:53 of 3rd period - Shot Blocked by Kevin Connauton.
4:55 of 3rd period - Slapshot by Derek Joslin.
4:55 of 3rd period - Stopped by Harru Sateri with a rebound.
5:13 of 3rd period - Tomas Tatar is hit by Logan MacMillan and loses puck.
5:18 of 3rd period - Snap shot by Brandon Kozun.
5:18 of 3rd period - Stopped by Peter Mannino with a rebound.
5:32 of 3rd period - Wrist shot by Curtis Glencross.
5:32 of 3rd period - Stopped by Peter Mannino with a rebound.
5:54 of 3rd period - Snap shot by Jerome Samson.
5:54 of 3rd period - Stopped by Harru Sateri with a rebound.
6:06 of 3rd period - Wrist shot by Curtis Glencross.
6:06 of 3rd period - Shot Misses the Net.
6:08 of 3rd period - Snap shot by Troy Brouwer.
6:08 of 3rd period - Stopped by Peter Mannino with a rebound.
6:10 of 3rd period - Snap shot by Troy Brouwer.
6:10 of 3rd period - Shot Misses the Net.
6:12 of 3rd period - Slapshot by Samuel Groulx.
6:12 of 3rd period - Stopped by Peter Mannino with a rebound.
6:40 of 3rd period - Wrist shot by Josh Jooris.
6:40 of 3rd period - Stopped by Harru Sateri with a rebound.
6:50 of 3rd period - Marcus Foligno is hit by Justin Faulk and loses puck.
7:38 of 3rd period - Logan MacMillan is hit by Nikita Alexeev and loses puck.
7:57 of 3rd period - Minor Penalty to Justin Faulk for Hooking.
7:58 of 3rd period - Josh Jooris wins face-off versus Curtis Glencross in Ice Dragons zone.
8:52 of 3rd period - Icing by Brady Skjei.
8:53 of 3rd period - Michael Latta wins face-off versus Mika Zibanejad in Mustangs zone.
9:07 of 3rd period - Icing by Derek Joslin.
9:08 of 3rd period - Jim O'Brien wins face-off versus Curtis Glencross in Mustangs zone.
9:15 of 3rd period - Snap shot by Tomas Tatar.
9:15 of 3rd period - Shot Misses the Net.
9:19 of 3rd period - Snap shot by Jim O'Brien.
9:19 of 3rd period - Shot Misses the Net.
9:21 of 3rd period - Slapshot by Brady Skjei.
9:21 of 3rd period - Stopped by Harru Sateri without a rebound.
9:22 of 3rd period - Curtis Glencross wins face-off versus Mika Zibanejad in Ice Dragons zone.
9:33 of 3rd period - Curtis Glencross is hit by Marcus Foligno and loses puck.
9:48 of 3rd period - Brendon Nash is hit by Jim O'Brien and loses puck.
9:53 of 3rd period - Slapshot by Brady Skjei.
9:53 of 3rd period - Shot Misses the Net.
9:55 of 3rd period - Slapshot by Brady Skjei.
9:55 of 3rd period - Deflect By Jim O'Brien.
9:55 of 3rd period - Shot Misses the Net.
9:55 of 3rd period - Puck is out of play.
9:56 of 3rd period - Mika Zibanejad wins face-off versus Michael Latta in Ice Dragons zone.
9:57 of 3rd period - Penalty to Justin Faulk is over, Justin Faulk is back on ice.
10:01 of 3rd period - Snap shot by Mika Zibanejad.
10:01 of 3rd period - Stopped by Harru Sateri with a rebound.
10:17 of 3rd period - Snap shot by Michael Latta.
10:17 of 3rd period - Stopped by Peter Mannino with a rebound.
10:19 of 3rd period - Snap shot by Tyler Haskins.
10:19 of 3rd period - Deflect By Justin Faulk.
10:19 of 3rd period - Shot Blocked by Mika Zibanejad.
10:19 of 3rd period - Puck is out of play.
10:20 of 3rd period - Michael Chaput wins face-off versus Jim O'Brien in Mustangs zone.
10:31 of 3rd period - Slapshot by Cameron Gaunce.
10:31 of 3rd period - Stopped by Harru Sateri with a rebound.
10:33 of 3rd period - Slapshot by Cameron Gaunce.
10:33 of 3rd period - Stopped by Harru Sateri without a rebound.
10:34 of 3rd period - Michael Latta wins face-off versus Mika Zibanejad in Ice Dragons zone.
11:06 of 3rd period - Slapshot by Brady Skjei.
11:06 of 3rd period - Stopped by Harru Sateri without a rebound.
11:07 of 3rd period - Tyler Haskins wins face-off versus Rick Schofield in Ice Dragons zone.
11:49 of 3rd period - Snap shot by Nikita Alexeev.
11:49 of 3rd period - Stopped by Harru Sateri with a rebound.
11:57 of 3rd period - Snap shot by Nikita Alexeev.
11:57 of 3rd period - Stopped by Harru Sateri with a rebound.
11:59 of 3rd period - Slapshot by Mark Pysyk.
11:59 of 3rd period - Deflect By Brendon Nash.
11:59 of 3rd period - Stopped by Harru Sateri with a rebound.
12:01 of 3rd period - Snap shot by Rick Schofield.
12:01 of 3rd period - Goal by Rick Schofield - Mustangs : 9 - Ice Dragons : 2.
12:02 of 3rd period - Michael Latta wins face-off versus Mika Zibanejad in neutral zone.
12:07 of 3rd period - Snap shot by Troy Brouwer.
12:07 of 3rd period - Goal by Troy Brouwer - Mustangs : 9 - Ice Dragons : 3.
12:08 of 3rd period - Mika Zibanejad wins face-off versus Michael Latta in neutral zone.
12:56 of 3rd period - Slapshot by Cameron Gaunce.
12:56 of 3rd period - Deflect By Jerome Samson.
12:56 of 3rd period - Stopped by Harru Sateri with a rebound.
13:08 of 3rd period - Backhand shot by Brandon Kozun.
13:08 of 3rd period - Goal by Brandon Kozun - Mustangs : 9 - Ice Dragons : 4.
13:09 of 3rd period - Mika Zibanejad wins face-off versus Michael Latta in neutral zone.
13:20 of 3rd period - Wrist shot by Josh Jooris.
13:20 of 3rd period - Stopped by Harru Sateri without a rebound.
13:21 of 3rd period - Mika Zibanejad wins face-off versus Michael Latta in Ice Dragons zone.
13:38 of 3rd period - Derek Joslin is hit by Michael Latta and loses puck.
13:57 of 3rd period - Snap shot by Andrew Shaw.
13:57 of 3rd period - Stopped by Harru Sateri with a rebound.
13:59 of 3rd period - Snap shot by Tomas Tatar.
13:59 of 3rd period - Stopped by Harru Sateri without a rebound.
14:00 of 3rd period - Jim O'Brien wins face-off versus Michael Chaput in Ice Dragons zone.
14:56 of 3rd period - Snap shot by Jerome Samson.
14:56 of 3rd period - Shot Misses the Net.
14:58 of 3rd period - Snap shot by Curtis Hamilton.
14:58 of 3rd period - Stopped by Harru Sateri without a rebound.
14:59 of 3rd period - Jim O'Brien wins face-off versus Tyler Haskins in Ice Dragons zone.
15:14 of 3rd period - Wrist shot by Petr Vrana.
15:14 of 3rd period - Stopped by Peter Mannino without a rebound.
15:15 of 3rd period - Logan MacMillan wins face-off versus Marcus Foligno in Mustangs zone.
15:27 of 3rd period - Slapshot by Justin Faulk.
15:27 of 3rd period - Stopped by Peter Mannino with a rebound.
16:07 of 3rd period - Wrist shot by Tyler Haskins.
16:07 of 3rd period - Shot Misses the Net.
16:25 of 3rd period - Snap shot by Brandon Kozun.
16:25 of 3rd period - Stopped by Peter Mannino with a rebound.
17:05 of 3rd period - Wrist shot by Petr Vrana.
17:05 of 3rd period - Stopped by Peter Mannino with a rebound.
17:30 of 3rd period - Minor Penalty to Brandon Kozun for Roughing.
17:31 of 3rd period - Mika Zibanejad wins face-off versus Curtis Glencross in Ice Dragons zone.
17:35 of 3rd period - Snap shot by Marcus Foligno.
17:35 of 3rd period - Shot Blocked by Joe Callahan.
19:30 of 3rd period - Penalty to Brandon Kozun is over, Brandon Kozun is back on ice.
19:44 of 3rd period - Scott Mayfield is hit by Brandon Kozun and loses puck.
Goals for this period are 3 for Mustangs vs 3 for Ice Dragons.
Shots for this period are 21 for Mustangs vs 17 for Ice Dragons.
Back to the Top